 Dungeon Crawl Stone Soup version bcrawl-1.38.1 (webtiles) character file.

Game seed: 17165233124188589964

320600 syranez the Pacifist (level 9, -8/84 HPs)
             Began as a Deep Dwarf Fighter on Mar 25, 2023.
             Was an Elder of Elyvilon.
             Mangled by a slime creature (10 damage)
             ... on level 5 of the Dungeon on Mar 27, 2023.
             The game lasted 00:14:21 (5073 turns).

syranez the Pacifist (Deep Dwarf Fighter)           Turns: 5073, Time: 00:14:22

Health: -8/84      AC: 17    Str: 22    XL:     9   Next: 20%
Magic:  14/14      EV:  0    Int: 10    God:    Elyvilon [****..]
Gold:   460        SH: 11    Dex: 12    Spells: 8/8 levels left

rFire    . . .     GDR:     30% a - +0 war axe
rCold    + + .     SeeInvis +   c - +0 medium shield
rNeg     . . .     Gourm    .   g - +0 gold dragon scales
rPois    +         Faith    .   p - +0 helmet
rElec    .         Spirit   .   (no cloak)
rCorr    .         Reflect  .   (no gloves)
MR       +....                  (no boots)
Stlth    ..........             l - amulet of the acrobat
HPRegen  0.00/turn              u - ring "Ywoaron" {Ice Slay+2}
MPRegen  0.14/turn              i - ring of see invisible

@: non-regenerating
A: damage resistance, sense surroundings 2, no regeneration
a: Lesser Healing, Heal Other, Purification, Greater Healing, Divine Protection,
Renounce Religion


You were on level 5 of the Dungeon.
You worshipped Elyvilon.
Elyvilon was greatly pleased with you.
You were not hungry.

You visited 1 branch of the dungeon, and saw 6 of its levels.

You collected 530 gold pieces.
You spent 70 gold pieces at shops.

Inventory:

Hand Weapons
 a - a +0 war axe (weapon)
Missiles
 q - 183 poisoned tomahawks (quivered)
 C - 131 poisoned needles
Armour
 c - a +0 medium shield (worn)
 g - +0 gold dragon scales (worn)
 p - a +0 helmet (worn)
 G - a +1 ring mail of poison resistance
Jewellery
 b - an uncursed ring of fire
 i - a ring of see invisible (right hand)
 l - an amulet of the acrobat (around neck)
 u - the ring "Ywoaron" (left hand) {Ice Slay+2}
   (You found it on level 4 of the Dungeon)

   [ring of ice]

   It enhances your ice magic.
   It affects your accuracy and damage with ranged weapons and melee attacks
   (+2).
   It makes you vulnerable to fire.
   It protects you from cold.
Wands
 w - a wand of digging (9)
 E - a wand of clouds (5)
 H - a wand of random effects (5)
Scrolls
 f - a scroll of fog
 k - 3 scrolls of amnesia
 m - 5 scrolls of remove curse
 n - a scroll of immolation {unknown}
 r - a scroll of noise {unknown}
 s - 2 scrolls of blinking {unknown}
 v - 2 scrolls of teleportation {unknown}
 x - a scroll of enchant armour {unknown}
 y - 2 scrolls of magic mapping {unknown}
 F - a scroll of enchant weapon {unknown}
Potions
 d - a potion of might
 h - 3 potions of lignification
 j - 3 potions of curing
 o - 2 potions of heal wounds
 t - a potion of haste
 z - a potion of cancellation
 A - a potion of berserk rage
 B - a potion of magic
 D - 2 potions of agility
Comestibles
 e - 5 rations {!d}


   Skills:
 + Level 6.3 Fighting
 + Level 6.4 Axes
 + Level 6.9 Armour
 + Level 6.8 Shields
 + Level 6.9 Invocations


You had 8 spell levels left.
You didn't know any spells.
Your spell library was empty.

Dungeon Overview and Level Annotations

Branches:
Dungeon (6/12)
 Temple: D:4-7

Altars:
Ashenzari
Cheibriados
Sif Muna
Yredelemnul

Shops:
D:4 *


Innate Abilities, Weirdness & Mutations

You are resistant to damage.
You passively map the area around you.
You do not regenerate.


Message History

You're too hungry.
Your gold dragon scales prevents you from hitting the slime creature.
The slime creature is almost dead.
The slime creature hits you but does no damage.
You are fainting from starvation!
You slash the slime creature!
The slime creature is almost dead.
The slime creature hits you.
* * * LOW HITPOINT WARNING * * *
Your gold dragon scales prevents you from hitting the slime creature.
The slime creature is almost dead.
The slime creature hits you!
* * * LOW HITPOINT WARNING * * *
The slime creature hits you! Elyvilon protects you from harm!
You're too hungry.
You're too hungry.
You eat one of the 6 rations {!d}.
That ration really hit the spot!
The slime creature hits you!
You die...

####............###....#
####.............>........#
##........#.................
#.........##.....[..........
##....#..###................
##.####.##.................
### ##...................
#..J........)...#...
#.#@......##....####
##.###....####.### ##
##...#.......##.# ##.
#........#......####..
###......###.....##...
#....(.........#....
##...................
#.(......####....).##
#..###.#.####.#...>..


You could see a slime creature.

Vanquished Creatures
  A slime creature (D:6)
  2 phantoms
  2 ice beasts
  2 sky beasts
  An ogre (D:5)
  3 bullfrogs (D:6)
  A kobold brigand (D:6)
  3 centaurs
  3 scorpions (D:6)
  A howler monkey (D:3)
  4 orc priests
  2 crimson imps
  A hound (D:5)
  7 jellies (D:6)
  4 orc wizards
  2 iguanas
  3 worker ants
  10 adders
  A shadow imp (D:5)
  3 oozes
  An adder zombie (D:6)
  3 worms
  2 dart slugs
  7 leopard geckos
  10 orcs
  2 giant cockroaches
  6 hobgoblins
  5 jackals
  6 quokkas
  A ball python (D:3)
  2 bats
  5 frilled lizards
  4 goblins
  23 kobolds
  7 rats
140 creatures vanquished.

Vanquished Creatures (others)
  3 fungi (D:6)
  8 toadstools (D:6)
11 creatures vanquished.

Grand Total: 151 creatures vanquished

Notes
Turn   | Place    | Note
-------+----------+-------------------------------------------
     0 | D:1      | syranez the Deep Dwarf Fighter began the quest for the Orb.
     0 | D:1      | Reached XP level 1. HP: 21/21 MP: 1/1
    83 | D:1      | Reached XP level 2. HP: 13/28 MP: 2/2
   586 | D:2      | Found a snail-covered altar of Cheibriados.
   655 | D:2      | Reached skill level 1 in Invocations
   655 | D:2      | Reached XP level 3. HP: 11/34 MP: 3/3
   870 | D:2      | Reached ** piety under Elyvilon
   877 | D:2      | Reached XP level 4. HP: 30/43 MP: 5/5
  1480 | D:3      | Noticed a phantom
  1569 | D:3      | Killed a phantom
  1570 | D:3      | Reached skill level 4 in Fighting
  1570 | D:3      | Reached skill level 3 in Axes
  1570 | D:3      | Reached skill level 4 in Armour
  1570 | D:3      | Reached skill level 4 in Shields
  1570 | D:3      | Reached skill level 2 in Invocations
  1570 | D:3      | Reached XP level 5. HP: 11/50 MP: 6/6
  1947 | D:3      | Reached *** piety under Elyvilon
  1959 | D:3      | Reached skill level 3 in Invocations
  1959 | D:3      | Reached XP level 6. HP: 14/57 MP: 8/8
  2059 | D:3      | Reached skill level 4 in Axes
  2137 | D:3      | Found a shimmering blue altar of Sif Muna.
  2138 | D:3      | Found a snail-covered altar of Cheibriados.
  2138 | D:3      | Found a shattered altar of Ashenzari.
  2139 | D:3      | Found a basalt altar of Yredelemnul.
  2699 | D:4      | Got a shimmering tin ring
  2700 | D:4      | Identified the ring "Ywoaron" {Ice Slay+2} (You found it on
                  | level 4 of the Dungeon)
  2902 | D:4      | Found Yvekhauch's General Store.
  2908 | D:4      | Bought a potion of berserk rage for 30 gold pieces
  2908 | D:4      | Bought 2 scrolls of identify for 40 gold pieces
  2956 | D:4      | Noticed a sky beast
  2970 | D:4      | Killed a sky beast
  2971 | D:4      | Reached skill level 5 in Armour
  2971 | D:4      | Reached skill level 4 in Invocations
  2971 | D:4      | Reached XP level 7. HP: 56/66 MP: 7/10
  3090 | D:4      | Reached skill level 5 in Shields
  3144 | D:4      | Reached skill level 5 in Fighting
  3567 | D:5      | Entered Level 5 of the Dungeon
  3610 | D:5      | Reached skill level 5 in Invocations
  3610 | D:5      | Reached XP level 8. HP: 62/74 MP: 11/11
  3622 | D:5      | Reached **** piety under Elyvilon
  3659 | D:5      | Reached skill level 5 in Axes
  4220 | D:6      | Reached skill level 6 in Armour
  4252 | D:6      | Reached skill level 6 in Shields
  4284 | D:6      | Reached skill level 6 in Invocations
  4431 | D:6      | Reached skill level 6 in Fighting
  4436 | D:6      | Reached skill level 6 in Axes
  4790 | D:6      | Gained mutation: You passively map the area around you.
                  | [Deep Dwarf growth]
  4790 | D:6      | Reached XP level 9. HP: 40/82 MP: 13/13
  5072 | D:5      | HP: 2/84 [slime creature (6)]
  5072 | D:5      | Elyvilon protects you from harm!
  5073 | D:5      | Mangled by a slime creature

Skill      XL: |  1  2  3  4  5  6  7  8 |
---------------+-------------------------+-----
Invocations    | 1 2 3 4 5 6 |  6.9
Fighting       | 4 5 6 |  6.3
Axes           | 3 4 6 |  6.4
Armour         | 4 5 6 |  6.9
Shields        | 4 5 6 |  6.8

Action                   |  1- 3 |  4- 6 |  7- 9 || total
-------------------------+-------+-------+-------++-------
Melee: War axe           |   164 |   288 |   251 ||   703
Throw: Tomahawk          |       |     5 |     5 ||    10
Invok: Lesser Healing    |     2 |     9 |     9 ||    20
       Greater Healing   |       |       |     1 ||     1
  Use: Scroll            |     5 |     6 |     2 ||    13
  Eat: Chunk             |     3 |    20 |    15 ||    38
       Ration            |     1 |       |     1 ||     2
Armor: Gold dragon scale |   105 |   229 |   181 ||   515
       Scale mail        |     9 |       |       ||     9
Dodge: Dodged            |     4 |    11 |    20 ||    35
Block: Medium shield     |    85 |   143 |   138 ||   366
